Maple Leafs vs Capitals

Created - 6 mars 2016 at 19:34

Goals
1 2 3 T
Maple Leafs 1 1 2 4
Capitals 1 2 3 6
Shots
1 2 3 T
Maple Leafs 6 10 17 33
Capitals 6 19 10 35

1st period

1. Capitals , Patrik Elias 23 (Stephen Weiss, Marek Zidlicky) at 1:40 (PP)
2. Maple Leafs , Claude Giroux 41 (Braydon Coburn) at 7:26

Penalties :
Alexander Frolov (Tor) for Cross-checking (Minor) at 0:18, Mikael Samuelsson (Was) for Head-butting (Major / Game Misconduct) at 9:26

2nd period

3. Capitals , Thomas Vanek 34 (Phil Kessel, Pavel Datsyuk) at 0:57 (PP)
4. Capitals , Pavel Datsyuk 28 (Phil Kessel) at 5:05
5. Maple Leafs , Claude Giroux 42 (Evgeni Malkin, Alexander Frolov) at 7:32

Penalties :
Claude Giroux (Tor) for Hooking (Minor) at 0:48

3rd period

6. Capitals , David Krejci 8 (Jakub Voracek, James Neal) at 0:51
7. Capitals , Jakub Voracek 16 (David Krejci, Alexandre Burrows) at 3:49
8. Capitals , Brent Seabrook 5 (Mark Streit) at 7:29 (PP)
9. Maple Leafs , Claude Giroux 43 (Taylor Chorney, Alexander Frolov) at 12:58 (PP)
10. Maple Leafs , Brendan Morrison 17 (Martins Karsums, Fabian Brunnstrom) at 14:54

Penalties :
Thomas Vanek (Was) for Hooking (Minor) at 5:17, Evgeni Malkin (Tor) for High sticking (Double Minor) at 5:21, Brent Seabrook (Was) for Hooking (Minor) at 12:12

Goalie Stats

Marc-André Fleury (Tor), 29 saves from 35 shots - (0,829), L, 32-19-2, 60:00 minutes
Jaroslav Halak (Was), 29 saves from 33 shots - (0,879), W, 28-21-6, 60:00 minutes

Players Stats for Maple Leafs

Player Name              G  A  P  +/- PIM S  H  SB GA TA FO     MP     PP MP  PK MP  
------------------------------------------------------------------------------------
Alexander Frolov         0  2  2   0  2   0  3  1  0  0  1/3    22:01   2:41   0:13 
Blake Comeau             0  0  0   0  0   1  1  1  0  0  1/1     9:03   1:07   0:41 
Braydon Coburn           0  1  1   0  0   1  0  5  0  1  0/0    29:37   2:59   1:16 
Brendan Morrison         1  0  1   1  0   3  1  1  1  0  6/14   16:26   1:42   0:51 
Claude Giroux            3  0  3   0  2   6  1  0  1  1  0/2    23:37   2:42   0:38 
Colby Armstrong          0  0  0  -1  0   1  0  0  0  0  0/0    12:49   1:51   0:00 
Evgeni Malkin            0  1  1   0  4   2  6  0  0  0  12/35  22:14   2:37   0:47 
Fabian Brunnstrom        0  1  1   1  0   8  3  0  1  0  1/3    15:38   1:51   0:00 
Jamie McBain             0  0  0   0  0   3  1  1  0  0  0/0    19:03   1:43   0:28 
Jordan Staal             0  0  0  -1  0   1  0  1  0  0  3/9    13:44   1:01   0:18 
Justin Abdelkader        0  0  0   0  0   1  1  0  0  1  0/0     7:23   0:43   0:00 
Justin Schultz           0  0  0   0  0   0  2  0  0  0  0/0    11:02   1:07   0:00 
Martins Karsums          0  1  1   1  0   0  2  0  0  0  0/1    14:08   0:09   0:00 
Matt Pettinger           0  0  0  -1  0   1  2  0  0  0  1/1    13:17   1:02   0:00 
Noah Welch               0  0  0   0  0   0  1  0  0  0  0/0    11:02   1:07   0:00 
Rob Schremp              0  0  0   0  0   2  0  0  1  0  1/2     6:34   0:00   0:00 
Taylor Chorney           0  1  1   0  0   1  2  1  0  1  0/0    19:03   1:43   0:28 
Tobias Enstrom           0  0  0   0  0   2  1  1  0  0  0/0    29:37   2:59   1:16 

Players Stats for Capitals

Player Name              G  A  P  +/- PIM S  H  SB GA TA FO     MP     PP MP  PK MP  
------------------------------------------------------------------------------------
Alexandre Burrows        0  1  1   2  0   0  1  0  0  0  1/1    14:26   0:07   1:33 
Brent Seabrook           1  0  1  -2  2   5  3  1  0  0  0/0    28:41   1:16   2:24 
Brian Campbell           0  0  0   2  0   0  0  0  0  0  0/0    19:24   0:28   2:14 
David Krejci             1  1  2   2  0   1  1  0  0  0  1/2     6:17   0:00   0:00 
Jakub Voracek            1  1  2   2  0   1  0  0  0  1  0/0     8:27   0:00   0:00 
James Neal               0  1  1   0  0   0  1  0  0  0  0/0    11:55   0:00   0:00 
Jay Harrison             0  0  0   0  0   1  0  0  0  0  0/0    11:48   0:00   0:39 
Marek Zidlicky           0  1  1   2  0   0  0  1  1  1  0/0    19:16   0:28   2:14 
Mark Giordano            0  0  0   0  0   0  0  0  0  0  0/0    12:18   0:00   1:11 
Mark Streit              0  1  1  -2  0   5  0  2  0  1  0/0    29:03   1:16   2:56 
Mikael Samuelsson        0  0  0   0  15  0  0  0  0  0  0/0     1:42   0:00   0:00 
Patrik Elias             1  0  1  -1  0   7  0  0  0  0  1/1    16:55   0:45   1:41 
Pavel Datsyuk            1  1  2  -1  0   3  1  0  0  1  21/34  23:58   0:52   2:39 
Phil Kessel              0  2  2  -1  0   2  1  0  2  0  0/1    20:21   0:52   0:00 
Ryan Callahan            0  0  0  -1  0   2  1  0  0  0  0/0    15:26   0:45   0:00 
Stephen Weiss            0  1  1  -1  0   4  1  0  0  0  12/19  16:37   0:45   1:41 
Thomas Vanek             1  0  1  -1  2   2  3  2  1  0  3/3    22:51   0:59   2:35 
Tyler Johnson            0  0  0   0  0   2  3  0  0  0  6/10   12:48   0:07   1:29 

3 Stars

1 - Claude Giroux (Tor)
2 - David Krejci (Was)
3 - Jakub Voracek (Was)

Power Play

Maple Leafs - 1 on 3 Attempt(s) - 33,33%
Capitals - 3 on 4 Attempt(s) - 75,00%

Penalty Kill

Maple Leafs - 1 on 4 Attempt(s) - 25,00% - Score 0 goal in Penalty Kill
Capitals - 2 on 3 Attempt(s) - 66,67% - Score 0 goal in Penalty Kill

Team Stat

Maple Leafs - Hits : 27 - Faceoff Wins : 26 - Blocked Shots : 12 - Penalty Minutes : 8
Capitals - Hits : 16 - Faceoff Wins : 45 - Blocked Shots : 6 - Penalty Minutes : 19

Official

Referees : Watson Brad and O'Rourke Dan
Linesman : Scott Cherrey and Darren Gibbs

Game Notes

Mikael Samuelsson ejected from game at 9:26 of 1st period
Claude Giroux has scored a Hat Trick!

Finance

Level 1 -- Attendance: 5292 (88,20%) -- Ticket Income 407 484 $
Level 2 -- Attendance: 5000 (100,00%) -- Ticket Income 210 000 $
Level 3 -- Attendance: 1971 (98,55%) -- Ticket Income 53 217 $
Level 4 -- Attendance: 4000 (100,00%) -- Ticket Income 64 000 $
Luxury Box -- Attendance: 984 (98,40%) -- Ticket Income 160 392 $
Game was played at the Verizon Center.
Total Attendance: 17247 (95,82%)
Total Ticket Income: 895 093 $
Other Income: 134 264 $
Total Income: 1 029 357 $

Maple Leafs

5 vs 5 Forward 
   Center                   Left Wing                Right Wing               Time % Phy DF OF 
 1 Evgeni Malkin            Alexander Frolov         Claude Giroux            40     1   2  2  
 2 Brendan Morrison         Fabian Brunnstrom        Martins Karsums          30     1   2  2  
 3 Jordan Staal             Matt Pettinger           Colby Armstrong          20     1   2  2  
 4 Rob Schremp              Justin Abdelkader        Blake Comeau             10     1   2  2  

5 vs 5 Defense 
   Defense                  Defense                                           Time % Phy DF OF 
 1 Tobias Enstrom           Braydon Coburn                                    40     1   2  2  
 2 Taylor Chorney           Jamie McBain                                      30     1   2  2  
 3 Justin Schultz           Noah Welch                                        20     1   2  2  
 4 Tobias Enstrom           Braydon Coburn                                    10     1   2  2  

PowerPlay Forward 
   Center                   Left Wing                Right Wing               Time % Phy DF OF 
 1 Evgeni Malkin            Alexander Frolov         Claude Giroux            60     1   2  2  
 2 Brendan Morrison         Fabian Brunnstrom        Colby Armstrong          40     1   2  2  

PowerPlay Defense
   Defense                  Defense                                           Time % Phy DF OF 
 1 Tobias Enstrom           Braydon Coburn                                    60     1   2  2  
 2 Taylor Chorney           Jamie McBain                                      40     1   2  2  

Penalty Kill 4 Players Forward 
   Center                   Wing                     Time % Phy DF OF 
 1 Claude Giroux            Evgeni Malkin            60     1   2  2  
 2 Alexander Frolov         Brendan Morrison         40     1   2  2  

Penalty Kill 4 Players Defense
   Defense                  Defense                  Time % Phy DF OF 
 1 Tobias Enstrom           Braydon Coburn           60     1   2  2  
 2 Taylor Chorney           Jamie McBain             40     1   2  2  

Penalty Kill - 3 Players Forward 
   Forward                                           Time % Phy DF OF 
 1 Claude Giroux                                     60     1   2  2  
 2 Evgeni Malkin                                     40     1   2  2  

Penalty Kill - 3 Players Defense
   Defense                  Defense                  Time % Phy DF OF 
 1 Tobias Enstrom           Braydon Coburn           60     1   2  2  
 2 Taylor Chorney           Jamie McBain             40     1   2  2  

4 vs 4 Forward 
   Center                   Wing                     Time % Phy DF OF 
 1 Claude Giroux            Evgeni Malkin            60     1   2  2  
 2 Alexander Frolov         Brendan Morrison         40     1   2  2  

4 vs 4 Defense
   Defense                  Defense                  Time % Phy DF OF 
 1 Tobias Enstrom           Braydon Coburn           60     1   2  2  
 2 Taylor Chorney           Jamie McBain             40     1   2  2  

Last Minutes Offensive
   Center                   Left Wing                Right Wing               Defense                  Defense                  
   Evgeni Malkin            Alexander Frolov         Claude Giroux            Tobias Enstrom           Braydon Coburn           

Last Minutes Defensive
   Center                   Left Wing                Right Wing               Defense                  Defense                  
   Evgeni Malkin            Alexander Frolov         Claude Giroux            Tobias Enstrom           Braydon Coburn           

Goaltenders
Starting : Marc-André Fleury        
Backup : Mike Smith               

Extra Forwards
Normal : Jordan Staal, Matt Pettinger, Blake Comeau - PP : Jordan Staal, Matt Pettinger - PK : Blake Comeau
Extra Defensemen
Normal : Justin Schultz, Noah Welch, Taylor Chorney - PP : Justin Schultz - PK : Noah Welch, Taylor Chorney
Penalty Shots
Claude Giroux, Evgeni Malkin, Alexander Frolov, Brendan Morrison, Fabian Brunnstrom

Capitals

5 vs 5 Forward 
   Center                   Left Wing                Right Wing               Time % Phy DF OF 
 1 Pavel Datsyuk            Thomas Vanek             Phil Kessel              40     1   2  2  
 2 Stephen Weiss            Patrik Elias             Ryan Callahan            30     1   2  2  
 3 Tyler Johnson            James Neal               Mikael Samuelsson        20     1   2  2  
 4 David Krejci             Alexandre Burrows        Jakub Voracek            10     1   2  2  

5 vs 5 Defense 
   Defense                  Defense                                           Time % Phy DF OF 
 1 Brent Seabrook           Mark Streit                                       40     1   2  2  
 2 Marek Zidlicky           Brian Campbell                                    30     1   2  2  
 3 Jay Harrison             Mark Giordano                                     20     1   2  2  
 4 Brent Seabrook           Mark Streit                                       10     1   2  2  

PowerPlay Forward 
   Center                   Left Wing                Right Wing               Time % Phy DF OF 
 1 Pavel Datsyuk            Thomas Vanek             Phil Kessel              60     1   2  2  
 2 Stephen Weiss            Patrik Elias             Ryan Callahan            40     1   2  2  

PowerPlay Defense
   Defense                  Defense                                           Time % Phy DF OF 
 1 Brent Seabrook           Mark Streit                                       60     1   2  2  
 2 Marek Zidlicky           Brian Campbell                                    40     1   2  2  

Penalty Kill 4 Players Forward 
   Center                   Wing                     Time % Phy DF OF 
 1 Pavel Datsyuk            Thomas Vanek             60     1   2  2  
 2 Stephen Weiss            Patrik Elias             40     1   2  2  

Penalty Kill 4 Players Defense
   Defense                  Defense                  Time % Phy DF OF 
 1 Brent Seabrook           Mark Streit              60     1   2  2  
 2 Marek Zidlicky           Brian Campbell           40     1   2  2  

Penalty Kill - 3 Players Forward 
   Forward                                           Time % Phy DF OF 
 1 Pavel Datsyuk                                     60     1   2  2  
 2 Thomas Vanek                                      40     1   2  2  

Penalty Kill - 3 Players Defense
   Defense                  Defense                  Time % Phy DF OF 
 1 Brent Seabrook           Mark Streit              60     1   2  2  
 2 Marek Zidlicky           Brian Campbell           40     1   2  2  

4 vs 4 Forward 
   Center                   Wing                     Time % Phy DF OF 
 1 Pavel Datsyuk            Thomas Vanek             60     1   2  2  
 2 Stephen Weiss            Patrik Elias             40     1   2  2  

4 vs 4 Defense
   Defense                  Defense                  Time % Phy DF OF 
 1 Brent Seabrook           Mark Streit              60     1   2  2  
 2 Marek Zidlicky           Brian Campbell           40     1   2  2  

Last Minutes Offensive
   Center                   Left Wing                Right Wing               Defense                  Defense                  
   Pavel Datsyuk            Thomas Vanek             Phil Kessel              Brent Seabrook           Mark Streit              

Last Minutes Defensive
   Center                   Left Wing                Right Wing               Defense                  Defense                  
   Pavel Datsyuk            Thomas Vanek             Phil Kessel              Brent Seabrook           Mark Streit              

Goaltenders
Starting : Jaroslav Halak           
Backup : Tim Thomas               

Extra Forwards
Normal : James Neal, Alexandre Burrows, Mikael Samuelsson - PP : James Neal, Alexandre Burrows - PK : Mikael Samuelsson
Extra Defensemen
Normal : Jay Harrison, Mark Giordano, Marek Zidlicky - PP : Jay Harrison - PK : Mark Giordano, Marek Zidlicky
Penalty Shots
Pavel Datsyuk, Thomas Vanek, Stephen Weiss, Patrik Elias, James Neal

% Time on Ice - Maple Leafs

Lines # - Real PCT - Wanted PCT - Time Play
Normal Forward
1 - 38% - 40% - 19:01
2 - 27% - 30% - 13:47
3 - 22% - 20% - 11:10
4 - 13% - 10% - 6:34
Normal Defense
1 - 42% - 40% - 21:21
2 - 31% - 30% - 15:52
3 - 20% - 20% - 9:55
4 - 7% - 10% - 3:24
PP Forward
1 - 60% - 60% - 3:31
2 - 40% - 40% - 2:18
PP Defense
1 - 70% - 60% - 4:06
2 - 30% - 40% - 1:43
PK Forward
1 - 58% - 60% - 1:00
2 - 42% - 40% - 0:44
PK Defense
1 - 73% - 60% - 1:16
2 - 27% - 40% - 0:28
PK3 Forward
1 - 0% - 60%
2 - 0% - 40%
PK3 Defense
1 - 0% - 60%
2 - 0% - 40%
44 Forward
1 - 100% - 60% - 1:55
2 - 0% - 40% - 0:00
44 Defense
1 - 48% - 60% - 0:55
2 - 52% - 40% - 1:00
Last Minute Offensive  - 0:00
Last Minute Defensive  - 0:00
Total
Forward - 60:00
Defense - 60:00

% Time on Ice - Capitals

Lines # - Real PCT - Wanted PCT - Time Play
Normal Forward
1 - 39% - 40% - 19:28
2 - 28% - 30% - 14:11
3 - 23% - 20% - 11:28
4 - 11% - 10% - 5:25
Normal Defense
1 - 40% - 40% - 20:02
2 - 31% - 30% - 15:45
3 - 22% - 20% - 11:02
4 - 7% - 10% - 3:43
PP Forward
1 - 57% - 60% - 0:59
2 - 43% - 40% - 0:45
PP Defense
1 - 73% - 60% - 1:16
2 - 27% - 40% - 0:28
PK Forward
1 - 71% - 60% - 4:08
2 - 29% - 40% - 1:41
PK Defense
1 - 62% - 60% - 3:35
2 - 38% - 40% - 2:14
PK3 Forward
1 - 0% - 60%
2 - 0% - 40%
PK3 Defense
1 - 0% - 60%
2 - 0% - 40%
44 Forward
1 - 100% - 60% - 1:55
2 - 0% - 40% - 0:00
44 Defense
1 - 57% - 60% - 1:06
2 - 43% - 40% - 0:49
Last Minute Offensive  - 0:00
Last Minute Defensive  - 0:00
Total
Forward - 60:00
Defense - 60:00

Play by Play

1st period


0:01 of 1st period - Evgeni Malkin wins face-off versus Pavel Datsyuk in neutral zone.
0:18 of 1st period - Minor Penalty to Alexander Frolov for Cross-checking.
0:19 of 1st period - Pavel Datsyuk wins face-off versus Claude Giroux in Maple Leafs zone.
0:33 of 1st period - Wrist shot by Phil Kessel.
0:33 of 1st period - Shot Misses the Net.
0:35 of 1st period - Slapshot by Mark Streit.
0:35 of 1st period - Shot Blocked by Braydon Coburn.
1:28 of 1st period - Off-side.
1:29 of 1st period - Jordan Staal wins face-off versus Stephen Weiss in neutral zone.
1:36 of 1st period - Snap shot by Stephen Weiss.
1:36 of 1st period - Stopped by Marc-André Fleury with a rebound.
1:38 of 1st period - Snap shot by Patrik Elias.
1:38 of 1st period - Shot Misses the Net.
1:40 of 1st period - Slapshot by Patrik Elias.
1:40 of 1st period - Goal by Patrik Elias - Maple Leafs : 0 - Capitals : 1.
1:41 of 1st period - Stephen Weiss wins face-off versus Brendan Morrison in neutral zone.
1:48 of 1st period - Wrist shot by Patrik Elias.
1:48 of 1st period - Shot Blocked by Jamie McBain.
1:56 of 1st period - Wrist shot by Fabian Brunnstrom.
1:56 of 1st period - Stopped by Jaroslav Halak with a rebound.
3:09 of 1st period - Mark Giordano is hit by Noah Welch and loses puck.
3:25 of 1st period - Icing by Stephen Weiss.
3:26 of 1st period - Stephen Weiss wins face-off versus Evgeni Malkin in Capitals zone.
4:01 of 1st period - Wrist shot by Mikael Samuelsson.
4:01 of 1st period - Shot Misses the Net.
4:16 of 1st period - Icing by Brent Seabrook.
4:17 of 1st period - Stephen Weiss wins face-off versus Jordan Staal in Capitals zone.
4:25 of 1st period - Slapshot by Mark Streit.
4:25 of 1st period - Deflect By Jordan Staal.
4:25 of 1st period - Stopped by Marc-André Fleury with a rebound.
4:27 of 1st period - Snap shot by Patrik Elias.
4:27 of 1st period - Shot Misses the Net.
4:29 of 1st period - Wrist shot by Patrik Elias.
4:29 of 1st period - Shot Blocked by Jordan Staal.
4:31 of 1st period - Wrist shot by Patrik Elias.
4:31 of 1st period - Stopped by Marc-André Fleury without a rebound.
4:32 of 1st period - Pavel Datsyuk wins face-off versus Evgeni Malkin in Maple Leafs zone.
4:33 of 1st period - Snap shot by Thomas Vanek.
4:33 of 1st period - Shot Misses the Net.
4:45 of 1st period - Backhand shot by Thomas Vanek.
4:45 of 1st period - Shot Blocked by Taylor Chorney.
5:10 of 1st period - Wrist shot by Brendan Morrison.
5:10 of 1st period - Shot Misses the Net.
7:24 of 1st period - Snap shot by Claude Giroux.
7:24 of 1st period - Shot Blocked by Mark Streit.
7:26 of 1st period - Wrist shot by Claude Giroux.
7:26 of 1st period - Goal by Claude Giroux - Maple Leafs : 1 - Capitals : 1.
7:27 of 1st period - Pavel Datsyuk wins face-off versus Evgeni Malkin in neutral zone.
7:59 of 1st period - Slapshot by Patrik Elias.
7:59 of 1st period - Stopped by Marc-André Fleury without a rebound.
8:00 of 1st period - Brendan Morrison wins face-off versus Pavel Datsyuk in Maple Leafs zone.
8:27 of 1st period - Patrik Elias is hit by Taylor Chorney and loses puck.
8:45 of 1st period - Icing by Ryan Callahan.
8:46 of 1st period - Jordan Staal wins face-off versus Stephen Weiss in Capitals zone.
8:47 of 1st period - Snap shot by Tobias Enstrom.
8:47 of 1st period - Deflect By Fabian Brunnstrom.
8:47 of 1st period - Stopped by Jaroslav Halak without a rebound.
8:48 of 1st period - Pavel Datsyuk wins face-off versus Brendan Morrison in Capitals zone.
9:03 of 1st period - Backhand shot by Phil Kessel.
9:03 of 1st period - Stopped by Marc-André Fleury without a rebound.
9:04 of 1st period - Tyler Johnson wins face-off versus Evgeni Malkin in Maple Leafs zone.
9:11 of 1st period - Mark Streit is hit by Alexander Frolov and loses puck.
9:26 of 1st period - Major / Game Misconduct Penalty to Mikael Samuelsson for Head-butting.
9:26 of 1st period - Mikael Samuelsson is ejected from game.
9:27 of 1st period - Pavel Datsyuk wins face-off versus Evgeni Malkin in Capitals zone.
9:39 of 1st period - Icing by Braydon Coburn.
9:40 of 1st period - Pavel Datsyuk wins face-off versus Evgeni Malkin in Maple Leafs zone.
9:45 of 1st period - Snap shot by Thomas Vanek.
9:45 of 1st period - Shot Misses the Net.
9:53 of 1st period - Thomas Vanek is hit by Evgeni Malkin and loses puck.
10:52 of 1st period - Snap shot by Fabian Brunnstrom.
10:52 of 1st period - Stopped by Jaroslav Halak with a rebound.
10:54 of 1st period - Slapshot by Fabian Brunnstrom.
10:54 of 1st period - Stopped by Jaroslav Halak with a rebound.
11:00 of 1st period - Wrist shot by Fabian Brunnstrom.
11:00 of 1st period - Stopped by Jaroslav Halak with a rebound.
11:32 of 1st period - Brent Seabrook is hit by Taylor Chorney and loses puck.
14:01 of 1st period - Noah Welch is hit by Stephen Weiss and loses puck.
14:26 of 1st period - Penalty to Mikael Samuelsson is over, Jakub Voracek is send on ice.
17:44 of 1st period - Braydon Coburn is hit by Tyler Johnson and loses puck.
18:23 of 1st period - Icing by Alexandre Burrows.
18:24 of 1st period - Pavel Datsyuk wins face-off versus Evgeni Malkin in Capitals zone.
18:29 of 1st period - Evgeni Malkin is hit by Pavel Datsyuk and loses puck.
18:42 of 1st period - Ryan Callahan is hit by Justin Schultz and loses puck.
18:56 of 1st period - Icing by Matt Pettinger.
18:57 of 1st period - David Krejci wins face-off versus Jordan Staal in Maple Leafs zone.
19:34 of 1st period - Stephen Weiss is hit by Justin Schultz and loses puck.
19:49 of 1st period - Justin Schultz is hit by David Krejci and loses puck.
Goals for this period are 1 for Maple Leafs vs 1 for Capitals.
Shots for this period are 6 for Maple Leafs vs 6 for Capitals.

2nd period


0:01 of 2nd period - Evgeni Malkin wins face-off versus Pavel Datsyuk in neutral zone.
0:35 of 2nd period - Backhand shot by Jordan Staal.
0:35 of 2nd period - Shot Misses the Net.
0:37 of 2nd period - Wrist shot by Colby Armstrong.
0:37 of 2nd period - Stopped by Jaroslav Halak without a rebound.
0:38 of 2nd period - Stephen Weiss wins face-off versus Evgeni Malkin in Capitals zone.
0:48 of 2nd period - Minor Penalty to Claude Giroux for Hooking.
0:49 of 2nd period - Blake Comeau wins face-off versus Pavel Datsyuk in Maple Leafs zone.
0:49 of 2nd period - Blake Comeau is hit by Thomas Vanek.
0:55 of 2nd period - Wrist shot by Phil Kessel.
0:55 of 2nd period - Shot Misses the Net.
0:57 of 2nd period - Snap shot by Thomas Vanek.
0:57 of 2nd period - Goal by Thomas Vanek - Maple Leafs : 1 - Capitals : 2.
0:58 of 2nd period - Pavel Datsyuk wins face-off versus Evgeni Malkin in neutral zone.
2:29 of 2nd period - Justin Schultz is hit by Tyler Johnson and loses puck.
2:34 of 2nd period - Snap shot by James Neal.
2:34 of 2nd period - Shot Misses the Net.
2:36 of 2nd period - Slapshot by Tyler Johnson.
2:36 of 2nd period - Deflect By Alexander Frolov.
2:36 of 2nd period - Shot Misses the Net.
2:36 of 2nd period - Puck is out of play.
2:37 of 2nd period - Tyler Johnson wins face-off versus Evgeni Malkin in Maple Leafs zone.
2:52 of 2nd period - Jay Harrison is hit by Evgeni Malkin and loses puck.
3:08 of 2nd period - Brendan Morrison is hit by Thomas Vanek and loses puck.
3:23 of 2nd period - Slapshot by Ryan Callahan.
3:23 of 2nd period - Stopped by Marc-André Fleury without a rebound.
3:24 of 2nd period - Stephen Weiss wins face-off versus Jordan Staal in Maple Leafs zone.
3:27 of 2nd period - Slapshot by Mark Streit.
3:27 of 2nd period - Stopped by Marc-André Fleury without a rebound.
3:28 of 2nd period - Patrik Elias wins face-off versus Evgeni Malkin in Maple Leafs zone.
3:35 of 2nd period - Snap shot by Stephen Weiss.
3:35 of 2nd period - Stopped by Marc-André Fleury with a rebound.
3:37 of 2nd period - Snap shot by Ryan Callahan.
3:37 of 2nd period - Deflect By Patrik Elias.
3:37 of 2nd period - Stopped by Marc-André Fleury with a rebound.
3:39 of 2nd period - Wrist shot by Patrik Elias.
3:39 of 2nd period - Stopped by Marc-André Fleury without a rebound.
3:40 of 2nd period - Pavel Datsyuk wins face-off versus Evgeni Malkin in Maple Leafs zone.
3:41 of 2nd period - Slapshot by Brent Seabrook.
3:41 of 2nd period - Deflect By Alexander Frolov.
3:41 of 2nd period - Stopped by Marc-André Fleury without a rebound.
3:42 of 2nd period - Pavel Datsyuk wins face-off versus Alexander Frolov in Maple Leafs zone.
4:30 of 2nd period - Snap shot by Rob Schremp.
4:30 of 2nd period - Stopped by Jaroslav Halak with a rebound.
4:32 of 2nd period - Slapshot by Jamie McBain.
4:32 of 2nd period - Deflect By Justin Abdelkader.
4:32 of 2nd period - Stopped by Jaroslav Halak without a rebound.
4:33 of 2nd period - Pavel Datsyuk wins face-off versus Rob Schremp in Capitals zone.
4:41 of 2nd period - Slapshot by Mark Streit.
4:41 of 2nd period - Deflect By Phil Kessel.
4:41 of 2nd period - Shot Blocked by Blake Comeau.
4:41 of 2nd period - Puck is out of play.
4:42 of 2nd period - Pavel Datsyuk wins face-off versus Evgeni Malkin in Maple Leafs zone.
4:51 of 2nd period - Slapshot by Phil Kessel.
4:51 of 2nd period - Shot Blocked by Braydon Coburn.
4:53 of 2nd period - Slapshot by Brent Seabrook.
4:53 of 2nd period - Stopped by Marc-André Fleury without a rebound.
4:54 of 2nd period - Pavel Datsyuk wins face-off versus Evgeni Malkin in Maple Leafs zone.
5:03 of 2nd period - Slapshot by Pavel Datsyuk.
5:03 of 2nd period - Shot Blocked by Braydon Coburn.
5:05 of 2nd period - Slapshot by Pavel Datsyuk.
5:05 of 2nd period - Goal by Pavel Datsyuk - Maple Leafs : 1 - Capitals : 3.
5:06 of 2nd period - Fabian Brunnstrom wins face-off versus Pavel Datsyuk in neutral zone.
5:56 of 2nd period - Wrist shot by Matt Pettinger.
5:56 of 2nd period - Shot Misses the Net.
5:58 of 2nd period - Slapshot by Jamie McBain.
5:58 of 2nd period - Stopped by Jaroslav Halak without a rebound.
5:59 of 2nd period - Pavel Datsyuk wins face-off versus Fabian Brunnstrom in Capitals zone.
6:24 of 2nd period - Mark Streit is hit by Alexander Frolov and loses puck.
6:53 of 2nd period - Wrist shot by David Krejci.
6:53 of 2nd period - Shot Blocked by Tobias Enstrom.
7:05 of 2nd period - Tyler Johnson is hit by Martins Karsums and loses puck.
7:10 of 2nd period - Slapshot by Martins Karsums.
7:10 of 2nd period - Deflect By Brendan Morrison.
7:10 of 2nd period - Stopped by Jaroslav Halak without a rebound.
7:11 of 2nd period - Brendan Morrison wins face-off versus Tyler Johnson in Capitals zone.
7:12 of 2nd period - Snap shot by Fabian Brunnstrom.
7:12 of 2nd period - Stopped by Jaroslav Halak with a rebound.
7:20 of 2nd period - Slapshot by Brent Seabrook.
7:20 of 2nd period - Deflect By Jakub Voracek.
7:20 of 2nd period - Shot Misses the Net.
7:20 of 2nd period - Puck is out of play.
7:21 of 2nd period - Thomas Vanek wins face-off versus Evgeni Malkin in Maple Leafs zone.
7:32 of 2nd period - Snap shot by Claude Giroux.
7:32 of 2nd period - Goal by Claude Giroux - Maple Leafs : 2 - Capitals : 3.
7:33 of 2nd period - Alexander Frolov wins face-off versus Pavel Datsyuk in neutral zone.
7:36 of 2nd period - Phil Kessel is hit by Evgeni Malkin and loses puck.
7:42 of 2nd period - Off-side.
7:43 of 2nd period - Pavel Datsyuk wins face-off versus Alexander Frolov in neutral zone.
8:30 of 2nd period - Wrist shot by Thomas Vanek.
8:30 of 2nd period - Shot Misses the Net.
9:17 of 2nd period - Slapshot by Phil Kessel.
9:17 of 2nd period - Shot Misses the Net.
9:19 of 2nd period - Snap shot by Thomas Vanek.
9:19 of 2nd period - Shot Misses the Net.
9:21 of 2nd period - Slapshot by Brent Seabrook.
9:21 of 2nd period - Shot Hit the Post.
9:23 of 2nd period - Slapshot by Brent Seabrook.
9:23 of 2nd period - Shot Misses the Net.
9:25 of 2nd period - Wrist shot by Phil Kessel.
9:25 of 2nd period - Shot Misses the Net.
9:27 of 2nd period - Snap shot by Pavel Datsyuk.
9:27 of 2nd period - Stopped by Marc-André Fleury with a rebound.
9:29 of 2nd period - Slapshot by Brent Seabrook.
9:29 of 2nd period - Stopped by Marc-André Fleury with a rebound.
9:55 of 2nd period - Snap shot by Evgeni Malkin.
9:55 of 2nd period - Shot Misses the Net.
10:09 of 2nd period - Snap shot by Pavel Datsyuk.
10:09 of 2nd period - Stopped by Marc-André Fleury with a rebound.
10:11 of 2nd period - Slapshot by Mark Streit.
10:11 of 2nd period - Shot Misses the Net.
10:13 of 2nd period - Snap shot by Thomas Vanek.
10:13 of 2nd period - Shot Misses the Net.
10:29 of 2nd period - Snap shot by Pavel Datsyuk.
10:29 of 2nd period - Shot Misses the Net.
10:31 of 2nd period - Snap shot by Phil Kessel.
10:31 of 2nd period - Shot Blocked by Alexander Frolov.
10:33 of 2nd period - Wrist shot by Thomas Vanek.
10:33 of 2nd period - Deflect By Evgeni Malkin.
10:33 of 2nd period - Stopped by Marc-André Fleury without a rebound.
10:34 of 2nd period - Stephen Weiss wins face-off versus Fabian Brunnstrom in Maple Leafs zone.
11:21 of 2nd period - Icing by Taylor Chorney.
11:22 of 2nd period - Rob Schremp wins face-off versus David Krejci in Maple Leafs zone.
11:30 of 2nd period - Snap shot by Rob Schremp.
11:30 of 2nd period - Stopped by Jaroslav Halak without a rebound.
11:31 of 2nd period - Stephen Weiss wins face-off versus Brendan Morrison in Capitals zone.
11:40 of 2nd period - Fabian Brunnstrom is hit by Ryan Callahan and loses puck.
11:47 of 2nd period - Snap shot by Patrik Elias.
11:47 of 2nd period - Deflect By Stephen Weiss.
11:47 of 2nd period - Stopped by Marc-André Fleury with a rebound.
12:53 of 2nd period - Martins Karsums is hit by James Neal and loses puck.
13:15 of 2nd period - Ryan Callahan is hit by Brendan Morrison and loses puck.
13:26 of 2nd period - Jakub Voracek is hit by Blake Comeau and loses puck.
13:47 of 2nd period - Ryan Callahan is hit by Tobias Enstrom.
14:03 of 2nd period - Blake Comeau is hit by Tyler Johnson and loses puck.
14:30 of 2nd period - Jakub Voracek is hit by Fabian Brunnstrom and loses puck.
16:28 of 2nd period - Icing by Brendan Morrison.
16:29 of 2nd period - Stephen Weiss wins face-off versus Brendan Morrison in Maple Leafs zone.
16:30 of 2nd period - Slapshot by Patrik Elias.
16:30 of 2nd period - Shot Misses the Net.
17:43 of 2nd period - Ryan Callahan is hit by Justin Abdelkader and loses puck.
17:48 of 2nd period - Wrist shot by Jamie McBain.
17:48 of 2nd period - Stopped by Jaroslav Halak without a rebound.
17:49 of 2nd period - Tyler Johnson wins face-off versus Martins Karsums in Capitals zone.
18:14 of 2nd period - Thomas Vanek is hit by Alexander Frolov and loses puck.
18:23 of 2nd period - Slapshot by Claude Giroux.
18:23 of 2nd period - Stopped by Jaroslav Halak without a rebound.
18:24 of 2nd period - Stephen Weiss wins face-off versus Brendan Morrison in Capitals zone.
18:29 of 2nd period - Snap shot by Mark Streit.
18:29 of 2nd period - Stopped by Marc-André Fleury with a rebound.
18:31 of 2nd period - Slapshot by Mark Streit.
18:31 of 2nd period - Stopped by Marc-André Fleury without a rebound.
18:32 of 2nd period - Stephen Weiss wins face-off versus Brendan Morrison in Maple Leafs zone.
18:33 of 2nd period - Slapshot by Patrik Elias.
18:33 of 2nd period - Stopped by Marc-André Fleury without a rebound.
18:34 of 2nd period - Brendan Morrison wins face-off versus Stephen Weiss in Maple Leafs zone.
18:39 of 2nd period - Snap shot by Ryan Callahan.
18:39 of 2nd period - Shot Misses the Net.
18:41 of 2nd period - Slapshot by Mark Streit.
18:41 of 2nd period - Stopped by Marc-André Fleury with a rebound.
18:43 of 2nd period - Slapshot by Ryan Callahan.
18:43 of 2nd period - Stopped by Marc-André Fleury without a rebound.
18:44 of 2nd period - Evgeni Malkin wins face-off versus Pavel Datsyuk in Maple Leafs zone.
19:09 of 2nd period - Stephen Weiss is hit by Martins Karsums and loses puck.
19:38 of 2nd period - Brian Campbell is hit by Jamie McBain and loses puck.
Goals for this period are 1 for Maple Leafs vs 2 for Capitals.
Shots for this period are 10 for Maple Leafs vs 19 for Capitals.

3rd period


0:01 of 3rd period - Pavel Datsyuk wins face-off versus Evgeni Malkin in neutral zone.
0:29 of 3rd period - Wrist shot by Stephen Weiss.
0:29 of 3rd period - Shot Misses the Net.
0:31 of 3rd period - Slapshot by Brent Seabrook.
0:31 of 3rd period - Shot Misses the Net.
0:35 of 3rd period - Wrist shot by Patrik Elias.
0:35 of 3rd period - Stopped by Marc-André Fleury with a rebound.
0:37 of 3rd period - Slapshot by Mark Streit.
0:37 of 3rd period - Shot Misses the Net.
0:51 of 3rd period - Wrist shot by David Krejci.
0:51 of 3rd period - Goal by David Krejci - Maple Leafs : 2 - Capitals : 4.
0:52 of 3rd period - Evgeni Malkin wins face-off versus Pavel Datsyuk in neutral zone.
0:57 of 3rd period - Snap shot by Alexander Frolov.
0:57 of 3rd period - Shot Blocked by Thomas Vanek.
1:44 of 3rd period - Wrist shot by Stephen Weiss.
1:44 of 3rd period - Stopped by Marc-André Fleury with a rebound.
2:09 of 3rd period - Off-side.
2:10 of 3rd period - Evgeni Malkin wins face-off versus Pavel Datsyuk in neutral zone.
2:23 of 3rd period - Slapshot by Braydon Coburn.
2:23 of 3rd period - Stopped by Jaroslav Halak with a rebound.
3:41 of 3rd period - Slapshot by David Krejci.
3:41 of 3rd period - Deflect By Jakub Voracek.
3:41 of 3rd period - Shot Misses the Net.
3:41 of 3rd period - Puck is out of play.
3:42 of 3rd period - Alexandre Burrows wins face-off versus Evgeni Malkin in Maple Leafs zone.
3:49 of 3rd period - Snap shot by Jakub Voracek.
3:49 of 3rd period - Goal by Jakub Voracek - Maple Leafs : 2 - Capitals : 5.
3:50 of 3rd period - Pavel Datsyuk wins face-off versus Evgeni Malkin in neutral zone.
3:53 of 3rd period - Braydon Coburn is hit by Brent Seabrook and loses puck.
4:27 of 3rd period - Slapshot by Brent Seabrook.
4:27 of 3rd period - Shot Misses the Net.
5:07 of 3rd period - Snap shot by Blake Comeau.
5:07 of 3rd period - Stopped by Jaroslav Halak without a rebound.
5:08 of 3rd period - Evgeni Malkin wins face-off versus Pavel Datsyuk in Capitals zone.
5:13 of 3rd period - Slapshot by Claude Giroux.
5:13 of 3rd period - Stopped by Jaroslav Halak without a rebound.
5:14 of 3rd period - Thomas Vanek wins face-off versus Evgeni Malkin in Capitals zone.
5:14 of 3rd period - Thomas Vanek is hit by Evgeni Malkin.
5:17 of 3rd period - Minor Penalty to Thomas Vanek for Hooking.
5:18 of 3rd period - Evgeni Malkin wins face-off versus Pavel Datsyuk in Capitals zone.
5:21 of 3rd period - Double Minor Penalty to Evgeni Malkin for High sticking.
5:22 of 3rd period - Pavel Datsyuk wins face-off versus Claude Giroux in Maple Leafs zone.
5:48 of 3rd period - Brent Seabrook is hit by Matt Pettinger and loses puck.
6:09 of 3rd period - Wrist shot by Matt Pettinger.
6:09 of 3rd period - Stopped by Jaroslav Halak without a rebound.
6:10 of 3rd period - Matt Pettinger wins face-off versus Tyler Johnson in Capitals zone.
6:11 of 3rd period - Wrist shot by Blake Comeau.
6:11 of 3rd period - Shot Misses the Net.
6:17 of 3rd period - Slapshot by Tobias Enstrom.
6:17 of 3rd period - Stopped by Jaroslav Halak with a rebound.
6:23 of 3rd period - Snap shot by Matt Pettinger.
6:23 of 3rd period - Shot Misses the Net.
6:25 of 3rd period - Slapshot by Matt Pettinger.
6:25 of 3rd period - Shot Blocked by Marek Zidlicky.
7:10 of 3rd period - Jamie McBain is hit by Brent Seabrook and loses puck.
7:17 of 3rd period - Penalty to Thomas Vanek is over, Thomas Vanek is back on ice.
7:29 of 3rd period - Slapshot by Brent Seabrook.
7:29 of 3rd period - Goal by Brent Seabrook - Maple Leafs : 2 - Capitals : 6.
7:30 of 3rd period - Pavel Datsyuk wins face-off versus Brendan Morrison in neutral zone.
7:35 of 3rd period - Slapshot by Thomas Vanek.
7:35 of 3rd period - Shot Blocked by Braydon Coburn.
7:43 of 3rd period - Slapshot by Fabian Brunnstrom.
7:43 of 3rd period - Shot Blocked by Thomas Vanek.
7:45 of 3rd period - Slapshot by Tobias Enstrom.
7:45 of 3rd period - Deflect By Phil Kessel.
7:45 of 3rd period - Stopped by Jaroslav Halak without a rebound.
7:46 of 3rd period - Evgeni Malkin wins face-off versus Stephen Weiss in Capitals zone.
7:47 of 3rd period - Wrist shot by Claude Giroux.
7:47 of 3rd period - Shot Misses the Net.
7:49 of 3rd period - Slapshot by Braydon Coburn.
7:49 of 3rd period - Shot Misses the Net.
7:53 of 3rd period - Slapshot by Claude Giroux.
7:53 of 3rd period - Shot Blocked by Brent Seabrook.
8:03 of 3rd period - Snap shot by Claude Giroux.
8:03 of 3rd period - Shot Blocked by Mark Streit.
8:13 of 3rd period - Martins Karsums is hit by Thomas Vanek and loses puck.
8:35 of 3rd period - Off-side.
8:36 of 3rd period - Tyler Johnson wins face-off versus Jordan Staal in neutral zone.
8:49 of 3rd period - Wrist shot by Tyler Johnson.
8:49 of 3rd period - Stopped by Marc-André Fleury with a rebound.
8:51 of 3rd period - Wrist shot by Tyler Johnson.
8:51 of 3rd period - Stopped by Marc-André Fleury with a rebound.
9:01 of 3rd period - Brian Campbell is hit by Evgeni Malkin and loses puck.
9:46 of 3rd period - Snap shot by David Krejci.
9:46 of 3rd period - Shot Misses the Net.
10:54 of 3rd period - Slapshot by Brent Seabrook.
10:54 of 3rd period - Stopped by Marc-André Fleury without a rebound.
10:55 of 3rd period - Tyler Johnson wins face-off versus Jordan Staal in Maple Leafs zone.
11:02 of 3rd period - Snap shot by James Neal.
11:02 of 3rd period - Shot Misses the Net.
11:04 of 3rd period - Wrist shot by Jay Harrison.
11:04 of 3rd period - Stopped by Marc-André Fleury without a rebound.
11:05 of 3rd period - Evgeni Malkin wins face-off versus Pavel Datsyuk in Maple Leafs zone.
11:31 of 3rd period - Wrist shot by James Neal.
11:31 of 3rd period - Deflect By Tyler Johnson.
11:31 of 3rd period - Shot Misses the Net.
11:31 of 3rd period - Puck is out of play.
11:32 of 3rd period - Brendan Morrison wins face-off versus Tyler Johnson in Maple Leafs zone.
11:34 of 3rd period - Icing by Fabian Brunnstrom.
11:35 of 3rd period - Tyler Johnson wins face-off versus Brendan Morrison in Maple Leafs zone.
11:40 of 3rd period - Wrist shot by James Neal.
11:40 of 3rd period - Shot Blocked by Brendan Morrison.
11:48 of 3rd period - Braydon Coburn is hit by Alexandre Burrows and loses puck.
12:12 of 3rd period - Minor Penalty to Brent Seabrook for Hooking.
12:13 of 3rd period - Pavel Datsyuk wins face-off versus Evgeni Malkin in Capitals zone.
12:44 of 3rd period - Slapshot by Fabian Brunnstrom.
12:44 of 3rd period - Shot Misses the Net.
12:46 of 3rd period - Wrist shot by Colby Armstrong.
12:46 of 3rd period - Shot Misses the Net.
12:48 of 3rd period - Slapshot by Brendan Morrison.
12:48 of 3rd period - Stopped by Jaroslav Halak without a rebound.
12:49 of 3rd period - Stephen Weiss wins face-off versus Evgeni Malkin in Capitals zone.
12:58 of 3rd period - Slapshot by Taylor Chorney.
12:58 of 3rd period - Deflect By Claude Giroux.
12:58 of 3rd period - Goal by Claude Giroux - Maple Leafs : 3 - Capitals : 6.
12:59 of 3rd period - Evgeni Malkin wins face-off versus Pavel Datsyuk in neutral zone.
13:13 of 3rd period - Slapshot by Claude Giroux.
13:13 of 3rd period - Stopped by Jaroslav Halak with a rebound.
13:57 of 3rd period - Off-side.
13:58 of 3rd period - Thomas Vanek wins face-off versus Evgeni Malkin in neutral zone.
14:21 of 3rd period - Claude Giroux is hit by Phil Kessel and loses puck.
14:34 of 3rd period - Snap shot by Evgeni Malkin.
14:34 of 3rd period - Stopped by Jaroslav Halak with a rebound.
14:36 of 3rd period - Wrist shot by Evgeni Malkin.
14:36 of 3rd period - Stopped by Jaroslav Halak without a rebound.
14:37 of 3rd period - Brendan Morrison wins face-off versus Stephen Weiss in Capitals zone.
14:38 of 3rd period - Wrist shot by Fabian Brunnstrom.
14:38 of 3rd period - Stopped by Jaroslav Halak with a rebound.
14:40 of 3rd period - Wrist shot by Brendan Morrison.
14:40 of 3rd period - Deflect By Martins Karsums.
14:40 of 3rd period - Shot Misses the Net.
14:40 of 3rd period - Puck is out of play.
14:41 of 3rd period - Brendan Morrison wins face-off versus Stephen Weiss in Capitals zone.
14:54 of 3rd period - Slapshot by Brendan Morrison.
14:54 of 3rd period - Goal by Brendan Morrison - Maple Leafs : 4 - Capitals : 6.
14:55 of 3rd period - Evgeni Malkin wins face-off versus Phil Kessel in neutral zone.
15:49 of 3rd period - Wrist shot by Fabian Brunnstrom.
15:49 of 3rd period - Stopped by Jaroslav Halak without a rebound.
15:50 of 3rd period - Evgeni Malkin wins face-off versus Tyler Johnson in Capitals zone.
17:09 of 3rd period - Alexandre Burrows is hit by Evgeni Malkin and loses puck.
17:26 of 3rd period - Blake Comeau is hit by Brent Seabrook.
17:34 of 3rd period - Slapshot by Taylor Chorney.
17:34 of 3rd period - Stopped by Jaroslav Halak without a rebound.
17:35 of 3rd period - Jordan Staal wins face-off versus Stephen Weiss in Capitals zone.
17:36 of 3rd period - Slapshot by Jamie McBain.
17:36 of 3rd period - Stopped by Jaroslav Halak without a rebound.
17:37 of 3rd period - Stephen Weiss wins face-off versus Jordan Staal in Capitals zone.
17:37 of 3rd period - Stephen Weiss is hit by Matt Pettinger.
17:51 of 3rd period - Snap shot by Jordan Staal.
17:51 of 3rd period - Shot Misses the Net.
17:53 of 3rd period - Wrist shot by Jordan Staal.
17:53 of 3rd period - Stopped by Jaroslav Halak with a rebound.
18:10 of 3rd period - Mark Giordano is hit by Fabian Brunnstrom.
18:18 of 3rd period - Ryan Callahan is hit by Fabian Brunnstrom and loses puck.
18:41 of 3rd period - Tyler Johnson is hit by Claude Giroux and loses puck.
19:00 of 3rd period - Snap shot by Mark Giordano.
19:00 of 3rd period - Shot Blocked by Braydon Coburn.
19:02 of 3rd period - Snap shot by Phil Kessel.
19:02 of 3rd period - Stopped by Marc-André Fleury with a rebound.
19:21 of 3rd period - Icing by Tobias Enstrom.
19:22 of 3rd period - Pavel Datsyuk wins face-off versus Evgeni Malkin in Maple Leafs zone.
Goals for this period are 2 for Maple Leafs vs 3 for Capitals.
Shots for this period are 17 for Maple Leafs vs 10 for Capitals.